 Dungeon Crawl Stone Soup version 0.25-a0-591-g2ad0d861f1 (webtiles) character file.

Game seed: 17626613784544120220, levelgen mode: deterministic

29 n0claF the Skirmisher (level 3, 29/29 HPs)
             Began as a Demonspawn Fighter on Mar 13, 2020.
             Quit the game on level 1 of the Dungeon.
             The game lasted 00:02:00 (840 turns).

n0claF the Skirmisher (Demonspawn Fighter)           Turns: 840, Time: 00:02:01

Health: 29/29      AC:  6    Str: 17    XL:     3   Next: 1%
Magic:  3/3        EV:  7    Int:  9    God:
Gold:   78         SH:  9    Dex: 12    Spells: 2/2 levels left

rFire    . . .     SeeInvis .   a - +0 war axe
rCold    . . .     Gourm    .   c - +0 kite shield
rNeg     . . .     Faith    .   b - +0 scale mail
rPois    .         Spirit   .   (no helmet)
rElec    .         Reflect  .   (no cloak)
rCorr    .         Harm     .   (no gloves)
MR       .....                  (no boots)
Stlth    ..........             (no amulet)
HPRegen  0.09/turn              (no ring)
MPRegen  0.08/turn              (no ring)

@: no status effects
A: claws 1, powered by pain 1
a: no special abilities


You were on level 1 of the Dungeon.
You were not hungry.

You visited 1 branch of the dungeon, and saw 1 of its levels.

You collected 78 gold pieces.

Inventory:

Hand Weapons
 a - a +0 war axe (weapon)
Armour
 b - a +0 scale mail (worn)
 c - a +0 kite shield (worn)
Scrolls
 g - a scroll of random uselessness {unknown}
 h - a scroll of remove curse {unknown}
 j - a scroll of identify {unknown}
 k - a scroll of magic mapping {unknown}
Potions
 d - a potion of might
 i - a potion of curing {unknown}
 l - a potion of brilliance {unknown}
Comestibles
 e - 2 rations {!d}
 f - 10 chunks of flesh


   Skills:
 - Level 3.0 Fighting
 * Level 2.4 Axes
 + Level 2.9 Armour
 + Level 0.8 Dodging
 + Level 2.9 Shields


You had 2 spell levels left.
You didn't know any spells.
Your spell library was empty.

Dungeon Overview and Level Annotations

Branches:
Dungeon (1/15)

Altars:


Innate Abilities, Weirdness & Mutations

You have sharp fingernails.
You sometimes gain a little power by taking damage.


Message History

No target in view!
No target in view!
No target in view!
You now have 78 gold pieces (gained 18).
You see here a leather armour.
A bat and a goblin come into view.
The goblin shouts!
There are monsters nearby!
There are monsters nearby!
There are monsters nearby!
You slash the bat!
You kill the bat!
You see here a bat corpse.
You slash the goblin!
You kill the goblin!
No target in view!
You butcher the bat corpse.
f - 7 chunks of flesh (gained 1)
You see here a bat skeleton. x2
You butcher the goblin corpse.
f - 10 chunks of flesh (gained 3)
You see here a goblin skeleton. x2
You see here a bat skeleton.
Things that are here:
a +0 club; a hobgoblin skeleton You see here a dagger.
Found a stone staircase leading down.
A kobold comes into view. It is wielding a +0 dagger.
The kobold throws a stone.
The stone closely misses you.
A kobold is nearby!
A bat comes into view.
You block the kobold's attack.
You miss the kobold. The kobold hits you but does no damage.
You closely miss the kobold. The kobold hits you but does no damage.
You slash the kobold!
You kill the kobold!
You have reached level 3!
Your experience leads to an increase in your attributes!
Increase (S)trength, (I)ntelligence, or (D)exterity?
You feel stronger.
You feel monstrous as your demonic heritage exerts itself.
Your demonic ancestry asserts itself...
Your fingernails lengthen.
The bat hits you but does no damage. The bat barely misses you.
You barely miss the bat. You block the bat's attack.
You block the bat's attack.
Things that are here:
a +0 dagger; a kobold corpse You block the bat's attack.
The bat hits you but does no damage. You block the bat's attack.

### #.. #.# #.# #.#
#.#.###########
#.#.....b@.)..#
########.##########.##
............>######.##
....................(#
#.####################
#.# #.#########
#.........#
#..######.#


You could see a bat.

Vanquished Creatures
  3 dart slugs (D:1)
  2 giant cockroaches (D:1)
  A goblin (D:1)
  4 hobgoblins (D:1)
  4 kobolds (D:1)
  3 bats (D:1)
  2 frilled lizards (D:1)
  4 rats (D:1)
23 creatures vanquished.

Notes
Turn   | Place    | Note
-------+----------+-------------------------------------------
     0 | D:1      | n0claF the Demonspawn Fighter began the quest for the Orb.
     0 | D:1      | Reached XP level 1. HP: 18/18 MP: 1/1
   338 | D:1      | Gained mutation: You sometimes gain a little power by
                  | taking damage. [demonic ancestry]
   338 | D:1      | Reached XP level 2. HP: 24/24 MP: 2/2
   835 | D:1      | Gained mutation: You have sharp fingernails. [demonic
                  | ancestry]
   835 | D:1      | Reached XP level 3. HP: 29/29 MP: 3/3
   840 | D:1      | Quit the game

Levels and vault maps discovered:
D:1:      nzn_arrival_depleted_hourglass, layout_basic, st_stairs_13,
          corexii_hall_statues_x

Skill      XL: |  1 |
---------------+----+-----
Axes           | 2 |  2.4
Fighting       | |  3.0
Armour         | |  2.9
Dodging        | |  0.8
Shields        | |  2.9

Action                   || total
-------------------------++-------
Melee: War axe           ||    70
Armor: Scale mail        ||    33
Dodge: Dodged            ||    26
Block: Kite shield       ||    32

Table legend:
 A = Non-vault XP
 B = Vault XP
 C = Vault XP percentage of total XP
 D = Non-vault monster count
 E = Vault monster count
 F = Vault count percentage of total count
                 A         B        C        D         E       F
            +---------+---------+-------+---------+---------+-------
      Total |      38 |       4 |   9.5 |      22 |       1 |   4.3
            +---------+---------+-------+---------+---------+-------
        D:1 |      38 |       4 |   9.5 |      22 |       1 |   4.3
            +---------+---------+-------+---------+---------+-------
